 Dungeon Crawl Stone Soup version 0.20-a0-640-g62ed22f (webtiles) character file.

841 polly the Slasher (level 7, -1/55 HPs)
             Began as a Demonspawn Gladiator on Feb 13, 2017.
             Slain by a gnoll
             ... wielding a +0 flail
              (5 damage)
             ... on level 4 of the Dungeon.
             The game lasted 00:05:53 (3571 turns).

polly the Slasher (Demonspawn Gladiator)            Turns: 3571, Time: 00:05:54

Health: -1/55      AC: 11    Str: 22    XL:     7   Next: 67%
Magic:  7/7        EV: 10    Int:  9    God:
Gold:   248        SH:  0    Dex: 14    Spells: 6/6 levels left

rFire    . . .     SeeInvis .   a - +0 long sword
rCold    . . .     Gourm    .   w - +0 chain mail
rNeg     . . .     Faith    .   (no shield)
rPois    .         Spirit   .   c - +0 helmet
rElec    .         Reflect  .   (no cloak)
rCorr    .         Harm     .   (no gloves)
MR       .....                  (no boots)
Stlth    ..........             (no amulet)
Regen    0.2/turn               (no ring)
MPRegen  0.1/turn               (no ring)

@: mighty
A: rugged brown scales 1, demonic guardian 1, powered by death 1
a: no special abilities


You were on level 4 of the Dungeon.
You were hungry.

You visited 1 branch of the dungeon, and saw 4 of its levels.

You collected 248 gold pieces.

Inventory:

Hand Weapons
 a - a +0 long sword (weapon)
Missiles
 d - 3 throwing nets (quivered)
Armour
 c - a +0 helmet (worn)
 w - a +0 chain mail (worn)
Wands
 t - a wand of paralysis (12/24)
 v - a wand of lightning (11/15)
Scrolls
 b - a scroll of enchant armour {unknown}
 e - a scroll of fog {unknown}
 h - 5 scrolls of identify {unknown}
 i - a scroll of recharging {unknown}
 k - 2 scrolls of magic mapping {unknown}
 l - a scroll of immolation {unknown}
 m - 3 scrolls of remove curse {unknown}
 q - 4 scrolls of teleportation {unknown}
Potions
 n - a potion of magic
 r - a potion of berserk rage {unknown}
 s - a potion of flight {unknown}
 u - a potion of agility {unknown}
 x - a potion of curing {unknown}
Comestibles
 f - 2 bread rations
 g - 9 fruits
 j - 3 chunks of flesh
 p - 3 meat rations


   Skills:
 + Level 4.2 Fighting
 + Level 5.8 Long Blades
 + Level 1.8 Throwing
 + Level 3.0 Armour
 + Level 3.9 Dodging
 + Level 1.8 Stealth


You had 6 spell levels left.
You didn't know any spells.

Dungeon Overview and Level Annotations

Branches:
Dungeon (4/15)
 Temple: D:4-7

Altars:
Ashenzari


Innate Abilities, Weirdness & Mutations

You are partially covered in rugged brown scales. (AC +1, +3% HP)
A weak demonic guardian rushes to your aid.
You regenerate a little health from kills.


Message History

* * * LOW HITPOINT WARNING * * *
The gnoll closely misses you.
You see here a hand axe.
The gnoll hits you with a club.
* * * LOW HITPOINT WARNING * * *
The gnoll hits you but does no damage. The gnoll hits you but does no damage.
You hit the gnoll.
The gnoll is heavily wounded.
The gnoll closely misses you. The gnoll hits you with a flail.
* * * LOW HITPOINT WARNING * * *
It was a potion of might.
You feel very mighty all of a sudden. The gnoll misses you.
The gnoll shaman calls upon its god to heal the gnoll.
The gnoll is healed somewhat.
You barely miss the gnoll.
The gnoll is lightly wounded.
The gnoll hits you with a flail.
You die...

##.## #..# ##.##
##.# ##.## #.#
##.## #. #.## ##
##.# .... #..###
...
##..5##########.#
####.@gg......#
####gg.....#
###)...>#
##....## ##....#
#....# #....##...
#........#
##..(....##


You could see a gnoll shaman, 3 gnolls and a friendly white imp.

Vanquished Creatures
  The ghost of polly the Slasher, an amateur DsGl (D:3)
  5 big kobolds (D:3)
  An orc priest (D:4)
  2 orc wizards
  A worker ant (D:4)
  11 gnolls
  7 adders
  A worm (D:2)
  2 leopard geckos
  5 orcs
  A ball python (D:1)
  5 giant cockroaches
  6 goblins
  11 hobgoblins
  36 kobolds
  A quokka (D:2)
  6 bats
  3 frilled lizards (D:1)
  9 rats
114 creatures vanquished.

Vanquished Creatures (collateral kills)
  3 big kobolds (D:3)
  4 orcs
  A bat (D:3)
  6 kobolds (D:3)
14 creatures vanquished.

Grand Total: 128 creatures vanquished

Notes
Turn   | Place    | Note
-------+----------+-------------------------------------------
     0 | D:1      | polly the Demonspawn Gladiator began the quest for the Orb.
     0 | D:1      | Reached XP level 1. HP: 16/16 MP: 1/1
   328 | D:1      | Gained mutation: A weak demonic guardian rushes to your aid. [demonic ancestry]
   328 | D:1      | Reached XP level 2. HP: 22/22 MP: 2/2
   595 | D:1      | Reached skill level 3 in Long Blades
   610 | D:1      | Reached XP level 3. HP: 12/28 MP: 3/3
  1805 | D:3      | Found a shattered altar of Ashenzari.
  1830 | D:3      | Reached skill level 1 in Stealth
  1830 | D:3      | Gained mutation: You regenerate a little health from kills. [demonic ancestry]
  1830 | D:3      | Reached XP level 4. HP: 24/34 MP: 4/4
  2226 | D:3      | Noticed a big kobold
  2252 | D:3      | Killed a big kobold
  2252 | D:3      | Reached skill level 1 in Armour
  2421 | D:3      | Noticed a big kobold
  2431 | D:3      | Killed a big kobold
  2431 | D:3      | Reached XP level 5. HP: 41/41 MP: 5/5
  2540 | D:3      | Reached skill level 4 in Long Blades
  2562 | D:3      | Reached XP level 6. HP: 33/47 MP: 6/6
  2821 | D:3      | Reached skill level 5 in Long Blades
  2821 | D:3      | Gained mutation: You are partially covered in rugged brown scales. (AC +1, +3% HP) [demonic ancestry]
  2821 | D:3      | Reached XP level 7. HP: 30/54 MP: 7/7
  3255 | D:3      | Noticed polly's ghost (amateur DsGl)
  3266 | D:3      | Killed polly's ghost
  3571 | D:4      | Slain by a gnoll

Vault maps used:
D:1:      dpeg_arrival_tiny_g, corexii_hall_statues_x
D:3:      minmay_goblin_kobold_castle, grunt_ministairs_11, ashenzari_altar_1
D:4:      first_bread

Skill      XL: |  1  2  3  4  5  6  7 |
---------------+----------------------+-----
Dodging        | 3 |  3.9
Long Blades    | 3 4 5 |  5.8
Stealth        | 1 |  1.8
Armour         | 1 2 3 |  3.0
Fighting       | 3 4 |  4.2
Throwing       | |  1.8

Action                   |  1- 3 |  4- 6 |  7- 9 || total
-------------------------+-------+-------+-------++-------
Melee: Long sword        |   105 |   165 |   108 ||   378
  Use: Potion            |       |     2 |     1 ||     3
 Stab: Sleeping          |     4 |       |       ||     4
       Distracted        |       |     1 |     2 ||     3
  Eat: Chunk             |     3 |       |     1 ||     4
       Fruit             |       |     1 |       ||     1
       Royal jelly       |       |     1 |     1 ||     2
Armor: Leather armour    |    32 |    20 |       ||    52
       Chain mail        |       |    66 |    70 ||   136
Dodge: Dodged            |    89 |   144 |    66 ||   299
       Rpst.: Long sword |    37 |    39 |    17 ||    93
